 Dungeon Crawl Stone Soup version 0.25-a0-975-gcae8493d64 (webtiles) character file.

Game seed: 6898071402015737427, levelgen mode: deterministic

1752 Esekla the Slasher (level 9, -5/78 HPs)
             Began as a Naga Conjurer on May 10, 2020.
             Was a Believer of Qazlal.
             Slain by Maggie
             ... wielding a +0 morningstar
              (9 damage)
             ... on level 7 of the Dungeon.
             The game lasted 00:51:39 (6749 turns).

Esekla the Slasher (Naga Conjurer)                  Turns: 6749, Time: 00:51:40

Health: -5/78      AC:  4    Str: 10    XL:     9   Next: 6%
Magic:  0/15       EV: 11    Int: 17    God:    Qazlal [**....]
Gold:   207        SH:  3    Dex: 14    Spells: 9/17 levels left

rFire    . . .     SeeInvis +   l - +0 long sword
rCold    . . .     Gourm    .   (no shield)
rNeg     + . .     Faith    .   a - +0 robe
rPois    +         Spirit   +   (no helmet)
rElec    .         Reflect  .   (no cloak)
rCorr    .         Harm     .   (no gloves)
MR       ++...                  (no barding)
Stlth    ++........             E - amulet of guardian spirit
HPRegen  0.23/turn              i - ring of positive energy
MPRegen  0.14/turn              b - ring of protection from magic

@: very slow
A: large, see invisible, deformed body, poison resistance, slowness 2, slow
metabolism 1, spit poison 1, AC +3
a: Spit Poison, Upheaval, Renounce Religion


You were on level 7 of the Dungeon.
You worshipped Qazlal.
Qazlal was pleased with you.
You were not hungry.

You visited 2 branches of the dungeon, and saw 8 of its levels.

You collected 207 gold pieces.

Inventory:

Hand Weapons
 e - a +0 dagger
 l - a +0 long sword (weapon)
 t - a +0 trident of venom
Missiles
 q - 18 poisoned darts (quivered)
 x - 12 boomerangs
Armour
 a - a +0 robe (worn)
 F - a cursed +0 tower shield
Jewellery
 b - a ring of protection from magic (right hand)
 i - a ring of positive energy (left hand)
 v - an uncursed ring of fire
 D - an uncursed ring of ice
 E - an amulet of guardian spirit (around neck)
 H - an uncursed ring of resist corrosion
Scrolls
 f - 2 scrolls of teleportation {unknown}
 g - 3 scrolls of remove curse
 j - a scroll of random uselessness {unknown}
 n - 2 scrolls of noise {unknown}
 o - a scroll of fear {unknown}
 r - a scroll of fog {unknown}
 s - 2 scrolls of enchant weapon {unknown}
 u - 2 scrolls of immolation {unknown}
 y - 2 scrolls of magic mapping {unknown}
 B - 2 scrolls of enchant armour {unknown}
 G - a scroll of identify
Potions
 d - a potion of degeneration {unknown}
 h - 3 potions of might
 k - a potion of resistance
 m - 3 potions of stabbing
 p - a potion of flight {unknown}
 w - 2 potions of curing
 A - a potion of lignification {unknown}
 C - 2 potions of heal wounds {unknown}
Comestibles
 c - 14 rations


   Skills:
 * Level 4.1 Fighting
 + Level 1.1(3.9) Short Blades
 * Level 6.0(6.1) Long Blades
 + Level 3.1 Dodging
 - Level 3.0 Stealth
 + Level 0.4 Shields
 * Level 4.5 Spellcasting
 + Level 5.5 Conjurations
 * Level 4.2 Translocations


You had 9 spell levels left.
You knew the following spells:

 Your Spells              Type           Power        Failure   Level  Hunger
a - Apportation           Tloc           ###...       2%          1    None
b - Iskenderun's Mystic   Conj/Tloc      ###.....     21%         4    ####...
d - Magic Dart            Conj           ###.         1%          1    None
e - Searing Ray           Conj           ###...       2%          2    ##.....

Your spell library contained the following spells:

 Spells                   Type           Power        Failure   Level  Hunger
 Dazzling Flash           Conj/Hex       ##....       14%         3    ###....
 Animate Skeleton         Necr           N/A          16%         1    None
 Corona                   Hex            #......      16%         1    None
 Summon Small Mammal      Summ           #...         16%         1    None
 Fulminant Prism          Conj/Hex       ##........   43%         4    ####...


Dungeon Overview and Level Annotations

Branches:
Dungeon (7/15)             Temple (1/1) D:7

Altars:
Ashenzari
Cheibriados
Dithmenos
Elyvilon
Fedhas
Gozag
Hepliaklqana
Kikubaaqudgha
Nemelex Xobeh
Okawaru
Qazlal
Ru
Sif Muna
Trog
Uskayaw
Wu Jian
Xom
Yredelemnul
Zin
The Shining One

Annotations:
D:7 Maggie


Innate Abilities, Weirdness & Mutations

You cannot wear boots.
Your serpentine skin is tough. (AC +3)
You have supernaturally acute eyesight. (SInv)
Armour fits poorly on your strangely shaped body.
Your system is resistant to poisons. (rPois)
You cover ground very slowly.
You have a slow metabolism.
You can spit poison.


Message History

Press: ? - help, Shift-Dir - straight line, f/p - Maggie
Aim: Maggie, wielding a +0 morningstar, wearing +0 acid dragon scales and carrying a wand of acid (9)
The searing ray hits Maggie but does no damage. (Press . to maintain the ray.) Maggie hits you with a +0 morningstar.
The searing ray hits Maggie.
Maggie is lightly wounded.
Maggie zaps a wand.
The bolt of acid hits you!!
You are splashed with acid!
* * * LOW HITPOINT WARNING * * *
The searing ray hits Maggie.
Maggie is lightly wounded.
You are no longer corroded.
Maggie zaps a wand.
The bolt of acid hits you!
* * * LOW HITPOINT WARNING * * *
You are splashed with acid!
* * * LOW HITPOINT WARNING * * *
The searing ray hits Maggie.
Maggie is lightly wounded.
You finish channeling your searing ray.
Maggie hits you with a +0 morningstar!
You die...

#....................# .........>
#....##..##....##...## #######...
#######..##....##.).##..##..##...
#.....@.... .......#......#
..o............. ....#......#
......)......... #..##.......
##.###+####..##. #..##...<... #.
#.####..#######...#....... .
........@@ยง.......#).....# .
........#)........'......#
#...##..##........#....... #..
#..##........#....... .
...##..)###.###.....#
#...##...###.#########
##..##.........# #..##.........#
..........#


You could see Maggie.

Vanquished Creatures
  Sigmund (D:3)
  A water moccasin (D:7)
  A black bear (D:4)
  2 sky beasts (D:4)
  2 ogres
  3 bullfrogs
  3 scorpions
  A howler monkey (D:6)
  A bullfrog zombie (D:5)
  2 jellies (D:5)
  2 hounds
  An orc wizard (D:5)
  Jessica (D:2)
  A bullfrog skeleton (D:5)
  Natasha (thrice) (D:2)
  3 worker ants
  A killer bee zombie (D:5)
  A hound zombie (D:3)
  6 adders
  7 gnolls (D:4)
  2 shadow imps (D:5)
  An ooze (D:4)
  4 dart slugs
  3 leopard geckos
  17 orcs
  3 ball pythons
  3 giant cockroaches
  6 goblins
  4 hobgoblins
  6 jackals
  4 kobolds
  2 quokkas
  7 bats
  3 frilled lizards
  2 quokka skeletons
  3 rats
113 creatures vanquished.

Notes
Turn   | Place    | Note
-------+----------+-------------------------------------------
     0 | D:1      | Esekla the Naga Conjurer began the quest for the Orb.
     0 | D:1      | Reached XP level 1. HP: 15/15 MP: 3/3
    92 | D:2      | Reached XP level 2. HP: 4/24 MP: 0/5
   106 | D:2      | Learned a level 2 spell: Searing Ray
   382 | D:2      | Noticed Jessica
   767 | D:3      | Learned a level 1 spell: Apportation
   784 | D:3      | Found a hazy altar of Hepliaklqana.
   907 | D:3      | Found an opulent altar of Gozag.
   907 | D:3      | Noticed Sigmund
   922 | D:4      | Noticed a black bear
  1025 | D:4      | Reached skill level 1 in Fighting
  1025 | D:4      | Reached XP level 3. HP: 28/31 MP: 2/6
  1151 | D:4      | Noticed an ogre
  1171 | D:5      | Entered Level 5 of the Dungeon
  1313 | D:6      | Reached skill level 1 in Translocations
  1313 | D:6      | Reached XP level 4. HP: 34/38 MP: 7/7
  1355 | D:5      | Found a shimmering blue altar of Sif Muna.
  1461 | D:6      | Noticed a bullfrog
  1465 | D:6      | Killed a bullfrog
  1465 | D:6      | Reached XP level 5. HP: 31/44 MP: 4/9
  1563 | D:6      | Reached skill level 1 in Short Blades
  1563 | D:6      | Reached skill level 5 in Conjurations
  1867 | D:7      | Found a staircase to the Ecumenical Temple.
  1867 | D:7      | Noticed Maggie
  1985 | D:6      | Reached XP level 6. HP: 52/52 MP: 5/10
  2097 | D:6      | Reached skill level 1 in Long Blades
  2291 | Temple   | Entered the Ecumenical Temple
  2575 | D:6      | Found a bloodstained altar of Trog.
  3111 | D:4      | Found a stormy altar of Qazlal.
  3121 | D:4      | Became a worshipper of Qazlal Stormbringer
  3222 | D:4      | Killed a black bear
  3222 | D:4      | Reached skill level 2 in Long Blades
  3222 | D:4      | Reached XP level 7. HP: 59/61 MP: 7/11
  3513 | D:1      | Reached * piety under Qazlal
  3869 | D:1      | Found a glowing golden altar of the Shining One.
  4009 | D:2      | Killed Jessica
  4061 | D:2      | Noticed Natasha
  4068 | D:2      | Killed Natasha
  4321 | D:2      | Noticed Natasha
  4329 | D:2      | Killed Natasha
  4423 | D:2      | Noticed Natasha
  4430 | D:2      | Learned a level 4 spell: Iskenderun's Mystic Blast
  4433 | D:2      | Killed Natasha
  4433 | D:2      | Reached skill level 3 in Long Blades
  4667 | D:3      | Killed Sigmund
  4751 | D:3      | Found a faded altar of an unknown god.
  4751 | D:3      | Found a faded altar of an unknown god.
  4758 | D:3      | Found a sacrificial altar of Ru.
  4760 | D:3      | Found a snail-covered altar of Cheibriados.
  4762 | D:3      | Found a white marble altar of Elyvilon.
  4875 | D:4      | Reached ** piety under Qazlal
  5016 | D:4      | Reached XP level 8. HP: 56/69 MP: 9/13
  5197 | D:4      | Reached skill level 4 in Long Blades
  5671 | D:4      | Reached skill level 5 in Long Blades
  5875 | D:4      | Found a shimmering altar of Xom.
  5875 | D:4      | Noticed an angel
  5876 | D:4      | Found a glowing silver altar of Zin.
  6498 | D:7      | Reached skill level 6 in Long Blades
  6498 | D:7      | Reached XP level 9. HP: 25/78 MP: 10/15
  6749 | D:7      | Slain by Maggie

Illustrated notes

Levels and vault maps discovered:
D:1:      dpeg_arrival_orchard, layout_basic, roderic_lattice_a, tso_altar
D:2:      layout_rooms, fountainhead, uniq_jessica, uniq_natasha
D:3:      layout_loops_ring, grunt_gozag_statues, lemuel_crystal_altar,
          chequers_temple_overflow_minitemple, uniq_sigmund
D:4:      wander_river, layout_loops_ring,
          grunt_temple_overflow_order_and_chaos_1,
          nicolae_qazlal_eye_of_the_storm, chequers_serial_rivers_marsh
D:5:      layout_cave_pools, basic_altar, first_ration,
          ebering_dispersal_statue_hall
D:6:      layout_gridville, overflow_temple_1_default
D:7:      layout_gridville, grunt_temple_overflow_lords_of_destruction,
          minmay_temple_entry_statues_pillars, uniq_maggie,
          uniq_crazy_yiuf_cottage
Temple:   grunt_temple_mini_profane

Skill      XL: |  1  2  3  4  5  6  7  8 |
---------------+-------------------------+-----
Fighting       | 1 2 3 4 |  4.1
Translocations | 1 2 3 4 |  4.2
Short Blades   | 1 |  1.1
Conjurations   | 5 |  5.5
Long Blades    | 2 3 6 |  6.0
Dodging        | 2 3 |  3.1
Spellcasting   | 3 4 |  4.5
Stealth        | |  3.0
Shields        | |  0.4

Action                   |  1- 3 |  4- 6 |  7- 9 || total
-------------------------+-------+-------+-------++-------
Melee: Dagger            |     7 |     1 |       ||     8
       Long sword        |     2 |    22 |   195 ||   219
 Cast: Magic Dart        |     9 |       |    14 ||    23
       Searing Ray       |     3 |    10 |    20 ||    33
       Apportation       |       |     3 |       ||     3
 Abil: Spit Poison       |     4 |     6 |    17 ||    27
  Use: Scroll            |     3 |       |     3 ||     6
       Potion            |       |       |     1 ||     1
 Stab: Sleeping          |       |     1 |     2 ||     3
  Eat: Chunk             |       |     3 |    12 ||    15
       Ration            |       |     1 |       ||     1
Armor: Robe              |     2 |    11 |    58 ||    71
Dodge: Dodged            |     9 |    39 |   149 ||   197
Block: Other             |       |       |    25 ||    25
       Rpst.: Long sword |     1 |    16 |    50 ||    67

Table legend:
 A = Non-vault XP
 B = Vault XP
 C = Vault XP percentage of total XP
 D = Non-vault monster count
 E = Vault monster count
 F = Vault count percentage of total count
                 A         B        C        D         E       F
            +---------+---------+-------+---------+---------+-------
      Total |    2204 |     299 |  11.9 |     110 |       3 |   2.7
            +---------+---------+-------+---------+---------+-------
        D:1 |      45 |       0 |   0.0 |      21 |       0 |   0.0
        D:2 |     133 |      72 |  35.1 |      24 |       2 |   7.7
        D:3 |      27 |     227 |  89.4 |       3 |       1 |  25.0
        D:4 |     787 |       0 |   0.0 |      25 |       0 |   0.0
        D:5 |     524 |       0 |   0.0 |      21 |       0 |   0.0
        D:6 |     338 |       0 |   0.0 |       8 |       0 |   0.0
        D:7 |     350 |       0 |   0.0 |       8 |       0 |   0.0
            +---------+---------+-------+---------+---------+-------
